 Dungeon Crawl Stone Soup version 0.27-a0-1200-g94dc6ad4cf (webtiles) character file.

Game seed: 11550648710451470843

47 pilgrim the Shooter (level 3, -1/21 HPs)
             Began as a Deep Elf Hunter on May 31, 2021.
             Slain by a phantom (7 damage)
             ... on level 4 of the Dungeon.
             The game lasted 00:03:53 (1453 turns).

pilgrim the Shooter (Deep Elf Hunter)               Turns: 1453, Time: 00:03:54

Health: -1/21      AC:  3    Str:  9    XL:     3   Next: 48%
Magic:  5/5        EV: 12    Int: 15    God:
Gold:   65         SH:  0    Dex: 16    Spells: 2/2 levels left

rFire    . . .     SeeInvis .   b - +0 short sword (flame)
rCold    . . .     Faith    .   (no shield)
rNeg     . . .     Spirit   .   c - +0 leather armour
rPois    .         Reflect  .   (no helmet)
rElec    .         Harm     .   (no cloak)
rCorr    .         Rampage  .   (no gloves)
Will     .....                  (no boots)
Stlth    ++........             (no amulet)
HPRegen  0.07/turn              (no ring)
MPRegen  0.09/turn              (no ring)

@: no status effects
A: no striking features
a: no special abilities


You were on level 4 of the Dungeon.
You visited 1 branch of the dungeon, and saw 3 of its levels.

You collected 65 gold pieces.

Inventory:

Hand Weapons
 a - a +1 shortbow
 b - a +0 short sword of flaming (weapon)
Missiles
 d - 14 arrows
Armour
 c - a +0 leather armour (worn)
Scrolls
 e - 2 scrolls of magic mapping {unknown}
 f - a scroll of identify {unknown}
 h - a scroll of torment {unknown}
Potions
 g - a potion of invisibility {unknown}


   Skills:
 + Level 2.1 Fighting
 + Level 5.8 Bows
 - Level 3.0 Dodging
 + Level 2.6 Stealth


You had 2 spell levels left.
You didn't know any spells.
Your spell library contained the following spells:

 Spells                   Type           Power      Damage    Failure   Level
 Corona                   Hex            0%         N/A       36%         1
 Ensorcelled Hibernation  Hex/Ice        0%         N/A       50%         2
 Confusing Touch          Hex            0%         N/A       75%         3
 Dazzling Flash           Conj/Hex       0%         N/A       75%         3
 Tukima's Dance           Hex            0%         N/A       75%         3


Dungeon Overview and Level Annotations

Branches:
Dungeon (2/15)

Altars:
Vehumet


Message History

You hit the goblin. You burn the goblin.
The goblin is severely wounded.
The goblin closely misses you.
You closely miss the goblin.
The goblin is severely wounded.
The goblin barely misses you.
You barely miss the goblin.
The goblin is severely wounded.
The goblin misses you.
You hit the goblin. You burn the goblin.
You kill the goblin!
Things that are here:
a +0 dagger; a goblin corpse
Found a stone staircase leading up.
You fall into a shaft and drop 2 floors!
The shaft crumbles and collapses.
A ball python comes into view.
The ball python hisses angrily.
Found a scroll labelled SOCKIJAIMN, 9 gold pieces and a spear.
Found a radiant altar of Vehumet.
A quokka comes into view.
The quokka moves out of view.
The ball python completely misses you. The ball python grabs you.
The ball python constricts you.
You hit the ball python. You burn the ball python.
You kill the ball python!
You start resting.
HP restored.
You see here a +0 spear.
An orc and a phantom come into view.
You see here a +0 spear.
Found a pair of gloves and an embroidered robe.
A quokka, an orc and an orc wizard come into view.
An adder comes into view.
The phantom hits you!
The phantom blinks!
You blink.
The adder moves out of view.
You hit the phantom but do no damage. The phantom hits you.
* * * LOW HITPOINT WARNING * * *
You barely miss the phantom. The phantom hits you!
You die...

#....†#...#.#.#
#...)..........
###.#####......
#.......#####
######.##.....
######.W...........
#...................
#..#####....#......
##...@W####.#[....o
#####o..##[.....r.
###.##........
#..#.#......
##.§.......
#####....S #..


You could see a phantom and an orc.

Vanquished Creatures
  An adder (D:2)
  9 ball pythons
  A bat (D:1)
  3 endoplasms
  2 giant cockroaches
  5 goblins
  3 hobgoblins (D:1)
  2 jackals (D:1)
  2 quokkas (D:1)
  A frilled lizard (D:1)
  A kobold (D:1)
  4 rats
34 creatures vanquished.

Vanquished Creatures (others)
  A worm (D:4)
  A hobgoblin (D:4)
2 creatures vanquished.

Grand Total: 36 creatures vanquished

Notes
Turn   | Place    | Note
-------+----------+-------------------------------------------
     0 | D:1      | pilgrim the Deep Elf Hunter began the quest for the Orb.
     0 | D:1      | Reached XP level 1. HP: 12/12 MP: 3/3
   399 | D:1      | Reached XP level 2. HP: 17/17 MP: 4/4
   916 | D:1      | Reached XP level 3. HP: 12/21 MP: 5/5
  1411 | D:2      | You fall into a shaft and drop 2 floors!
  1411 | D:4      | Found a radiant altar of Vehumet.
  1423 | D:4      | Noticed a phantom
  1453 | D:4      | Slain by a phantom

Illustrated notes

Levels and vault maps discovered:
D:1:      lemuel_arrival_tunnels, layout_basic, hangedman_decor_lopped
D:2:      minmay_chambers_of_ones, layout_basic,
          hellmonk_ecumenical_altar_run_dry, grunt_ministairs_1,
          minmay_misc_feat_tower, minmay_misc_feat_alley
D:4:      layout_rooms, grunt_qazlal_clouds, nicolae_vehumet_radiance,
          xom_confusion_cloud

Skill      XL: |  1  2  3 |
---------------+----------+-----
Stealth        | 2 |  2.6
Fighting       | 2 |  2.1
Dodging        | 3 |  3.0
Bows           | |  5.8

Action                   || total
-------------------------++-------
Melee: Short sword       ||    75
 Fire: Shortbow          ||    28
Armor: Leather armour    ||    13
Dodge: Dodged            ||    79

Table legend: (Time is in decaauts)
 A = Elapsed time spent in this place.
 B = Non-inter-level travel time spent in this place.
 C = Inter-level travel time spent in this place.
 D = Time resting spent in this place.
 E = Time spent auto-exploring this place.
 F = Levels seen in this place.
 G = Mean time per level.
                   A        B        C        D        E       F      G
               +--------+--------+--------+--------+--------+-----+--------+
         Total |   1454 |   1434 |     20 |    388 |    807 |   3 |  484.7 |
       Dungeon |   1454 |   1434 |     20 |    388 |    807 |   3 |  484.7 |
               +--------+--------+--------+--------+--------+-----+--------+

Top non-repeatable levels by time:
     D:1: 1168 daAuts
     D:2: 243 daAuts
     D:4: 41 daAuts
